[ AOE2 MATCH · #473846613 ]
UnrankedBulgarians vs Wu
Player's team · LOSS
Rival team · WIN
[ REPLAY ANALYSIS · EXTRACTED FROM THE RECORDED GAME ]
Feudal
9:19
Castle
25:12
Imperial
—
| APM avg | 60.0 |
| APM peak | 132 |
| eAPM avg | 25.8 |
| Villagers / military | 63 / 89 |
Focus
⚔️ 45.6% · 🌾 54.4%
Militia ×40 · Skirmisher ×32 · Spearman ×10 · Mangonel ×4 · Archer ×2 · Monk ×1
Feudal
9:20
Castle
21:56
Imperial
—
| APM avg | 54.0 |
| APM peak | 87 |
| eAPM avg | 21.2 |
| Villagers / military | 73 / 60 |
Focus
⚔️ 36.9% · 🌾 63.1%
Archer ×37 · Militia ×11 · Unknown (1944) ×9 · Skirmisher ×6 · Mangonel ×5 · Monk ×1
Match map
Initial resources + every placement click. Lines = walls · curves = elevation contours. ◆ gold · ⬟ stone · ● berries · ✦ relic · ◌ wall gap
Your base· ✓ Closed at 25:12 · 27t walls · 1 gate(s)
Umdeuter's base· Open — 3t gap
Smoothed initial terrain · ◌ = detected wall gap · hover for details
Inputs per minute
— arlenileiN - - Umdeuter
Build order — arlenileiN
First 150 of 249 actions detected
| 0:00 | Create | Villager (Male) |
| 0:00 | Create | Villager (Male) |
| 0:00 | Create | Villager (Male) |
| 0:02 | Build | House |
| 0:02 | Build | House |
| 0:20 | Create | Villager (Male) |
| 1:40 | Create | Villager (Male) |
| 1:49 | Create | Villager (Male) |
| 1:53 | Build | Lumber Camp |
| 2:27 | Create | Villager (Male) |
| 2:44 | Create | Villager (Male) |
| 3:00 | Build | House |
| 3:16 | Create | Villager (Male) |
| 3:41 | Create | Villager (Male) |
| 4:05 | Create | Villager (Male) |
| 4:05 | Create | Villager (Male) |
| 4:35 | Build | Mill |
| 4:42 | Create | Villager (Male) |
| 5:17 | Create | Villager (Male) |
| 5:17 | Create | Villager (Male) |
| 5:36 | Build | House |
| 5:49 | Create | Villager (Male) |
| 5:49 | Research | Loom |
| 6:19 | Build | Barracks |
| 6:49 | Build | House |
| 7:09 | Research | Feudal Age |
| 7:27 | Build | Palisade Wall |
| 7:29 | Create | Militia |
| 7:31 | Build | Palisade Wall |
| 7:32 | Build | House |
| 8:01 | Build | Mining Camp |
| 8:12 | Create | Militia |
| 8:29 | Create | Militia |
| 8:38 | Build | Mill |
| 8:54 | Create | Militia |
| 9:19 | Age | Feudal Age |
| 9:20 | Create | Villager (Male) |
| 9:23 | Research | Double-Bit Axe |
| 9:31 | Build | House |
| 9:51 | Create | Villager (Male) |
| 10:08 | Create | Villager (Male) |
| 10:11 | Build | Archery Range |
| 10:34 | Create | Militia |
| 10:45 | Build | Palisade Gate |
| 10:49 | Create | Villager (Male) |
| 11:01 | Create | Villager (Male) |
| 11:03 | Create | Archer |
| 11:09 | Create | Skirmisher |
| 11:19 | Create | Militia |
| 11:38 | Create | Spearman |
| 11:40 | Create | Villager (Male) |
| 11:48 | Create | Archer |
| 11:51 | Create | Militia |
| 11:59 | Build | House |
| 12:02 | Build | Palisade Wall |
| 12:07 | Create | Villager (Male) |
| 12:14 | Build | Blacksmith |
| 12:17 | Build | Palisade Wall |
| 12:30 | Build | House |
| 12:32 | Build | Palisade Wall |
| 12:35 | Create | Villager (Male) |
| 12:52 | Create | Militia |
| 12:57 | Build | Palisade Wall |
| 13:10 | Create | Villager (Male) |
| 13:15 | Build | Farm |
| 13:18 | Build | Farm |
| 13:20 | Build | Farm |
| 13:37 | Create | Villager (Male) |
| 13:37 | Create | Militia |
| 13:50 | Build | Farm |
| 13:53 | Build | Farm |
| 13:58 | Create | Villager (Male) |
| 14:07 | Create | Militia |
| 14:20 | Build | Market |
| 14:27 | Create | Villager (Male) |
| 14:31 | Build | Farm |
| 14:33 | Build | Farm |
| 14:35 | Build | Farm |
| 14:41 | Create | Militia |
| 14:48 | Build | Farm |
| 14:53 | Create | Villager (Male) |
| 15:10 | Create | Militia |
| 15:16 | Create | Villager (Male) |
| 15:17 | Build | Farm |
| 15:20 | Build | Farm |
| 15:31 | Create | Villager (Male) |
| 15:40 | Create | Militia |
| 15:43 | Research | Scale Mail Armor |
| 15:50 | Build | House |
| 15:50 | Build | House |
| 16:03 | Create | Militia |
| 16:06 | Research | Forging |
| 16:07 | Create | Villager (Male) |
| 16:24 | Create | Militia |
| 16:24 | Create | Villager (Male) |
| 16:40 | Create | Villager (Male) |
| 16:41 | Create | Militia |
| 16:46 | Build | Barracks |
| 16:50 | Build | Farm |
| 16:52 | Build | Farm |
| 17:10 | Build | Lumber Camp |
| 17:15 | Create | Villager (Male) |
| 17:16 | Create | Militia |
| 17:16 | Create | Militia |
| 17:16 | Create | Militia |
| 17:33 | Build | Farm |
| 17:33 | Create | Villager (Male) |
| 17:41 | Create | Militia |
| 17:41 | Create | Militia |
| 17:54 | Create | Villager (Male) |
| 18:04 | Build | House |
| 18:05 | Build | House |
| 18:24 | Create | Militia |
| 18:25 | Create | Militia |
| 18:25 | Create | Militia |
| 18:42 | Create | Militia |
| 18:42 | Create | Militia |
| 18:52 | Build | Farm |
| 18:59 | Build | Farm |
| 19:04 | Create | Villager (Male) |
| 19:05 | Create | Villager (Male) |
| 19:08 | Build | Farm |
| 19:24 | Build | Farm |
| 19:25 | Build | Farm |
| 19:26 | Create | Militia |
| 19:26 | Create | Militia |
| 19:36 | Build | Farm |
| 19:38 | Build | Farm |
| 19:40 | Research | Horse Collar |
| 19:42 | Build | Farm |
| 19:44 | Build | Farm |
| 19:55 | Build | Palisade Wall |
| 19:57 | Build | Farm |
| 19:58 | Create | Villager (Male) |
| 19:59 | Create | Militia |
| 20:20 | Research | Arson |
| 20:21 | Create | Villager (Male) |
| 20:24 | Create | Militia |
| 20:24 | Create | Militia |
| 20:30 | Build | Farm |
| 20:32 | Build | Farm |
| 20:34 | Build | Farm |
| 20:51 | Create | Villager (Male) |
| 20:52 | Create | Militia |
| 20:52 | Create | Militia |
| 20:55 | Build | Farm |
| 20:57 | Build | Farm |
| 21:14 | Create | Villager (Male) |
| 21:15 | Create | Militia |
| 21:15 | Create | Militia |
Build order — Umdeuter
First 150 of 280 actions detected
| 0:00 | Create | Villager (Male) |
| 0:01 | Create | Villager (Male) |
| 0:02 | Build | House |
| 0:03 | Build | House |
| 0:07 | Create | Villager (Male) |
| 0:25 | Create | Villager (Male) |
| 1:24 | Create | Villager (Male) |
| 1:49 | Build | Lumber Camp |
| 2:00 | Create | Villager (Male) |
| 2:21 | Create | Villager (Male) |
| 2:56 | Create | Villager (Male) |
| 3:09 | Create | Villager (Male) |
| 3:30 | Create | Villager (Male) |
| 3:32 | Build | House |
| 3:49 | Create | Villager (Male) |
| 4:07 | Create | Villager (Male) |
| 4:50 | Create | Villager (Male) |
| 5:14 | Create | Villager (Male) |
| 5:26 | Build | Mill |
| 5:48 | Create | Villager (Male) |
| 6:04 | Create | Villager (Male) |
| 6:04 | Research | Loom |
| 6:15 | Build | Palisade Wall |
| 6:26 | Build | Barracks |
| 7:10 | Research | Feudal Age |
| 7:29 | Create | Militia |
| 7:35 | Build | House |
| 7:42 | Build | Palisade Wall |
| 7:43 | Build | Palisade Wall |
| 7:48 | Create | Militia |
| 7:54 | Build | Mining Camp |
| 8:00 | Build | House |
| 8:04 | Build | Palisade Wall |
| 8:20 | Create | Villager (Male) |
| 8:40 | Create | Militia |
| 8:59 | Build | House |
| 9:08 | Create | Militia |
| 9:20 | Age | Feudal Age |
| 9:31 | Build | Archery Range |
| 9:34 | Create | Villager (Male) |
| 9:43 | Create | Militia |
| 9:52 | Create | Villager (Male) |
| 9:54 | Research | Double-Bit Axe |
| 9:59 | Build | Palisade Wall |
| 10:01 | Build | Palisade Wall |
| 10:21 | Build | Palisade Wall |
| 10:24 | Research | Man-at-Arms (upgrade) |
| 10:24 | Research | Man-at-Arms (upgrade) |
| 10:29 | Create | Villager (Male) |
| 10:31 | Create | Skirmisher |
| 10:48 | Build | Palisade Wall |
| 10:51 | Create | Villager (Male) |
| 11:03 | Create | Villager (Male) |
| 11:18 | Create | Villager (Male) |
| 11:24 | Build | Mill |
| 11:28 | Create | Villager (Male) |
| 11:38 | Create | Villager (Male) |
| 11:40 | Build | Lumber Camp |
| 11:58 | Build | Farm |
| 12:05 | Create | Militia |
| 12:10 | Create | Skirmisher |
| 12:14 | Create | Skirmisher |
| 12:56 | Build | House |
| 13:11 | Create | Villager (Male) |
| 13:13 | Build | Farm |
| 13:13 | Build | Farm |
| 13:14 | Build | Farm |
| 13:43 | Create | Villager (Male) |
| 13:45 | Build | Farm |
| 13:47 | Build | Farm |
| 13:49 | Create | Skirmisher |
| 13:51 | Create | Militia |
| 13:55 | Create | Villager (Male) |
| 13:57 | Build | Blacksmith |
| 14:01 | Build | Farm |
| 14:11 | Create | Militia |
| 14:12 | Create | Villager (Male) |
| 14:26 | Build | Farm |
| 14:30 | Build | House |
| 14:53 | Research | Scale Mail Armor |
| 15:02 | Create | Skirmisher |
| 15:03 | Create | Villager (Male) |
| 15:04 | Create | Militia |
| 15:14 | Create | Militia |
| 15:16 | Create | Skirmisher |
| 15:17 | Create | Villager (Male) |
| 15:23 | Build | Farm |
| 15:28 | Build | Farm |
| 15:32 | Build | House |
| 15:34 | Build | House |
| 15:41 | Research | Wheelbarrow |
| 15:42 | Research | Wheelbarrow |
| 15:49 | Build | House |
| 15:50 | Build | House |
| 15:58 | Create | Militia |
| 16:38 | Create | Villager (Male) |
| 16:44 | Research | Forging |
| 16:47 | Research | Arson |
| 16:49 | Build | Farm |
| 16:49 | Build | Farm |
| 16:50 | Build | Farm |
| 16:51 | Build | Farm |
| 17:04 | Build | House |
| 17:05 | Build | House |
| 17:06 | Build | House |
| 17:07 | Build | House |
| 17:20 | Create | Villager (Male) |
| 17:24 | Build | Farm |
| 17:26 | Create | Villager (Male) |
| 17:43 | Build | Farm |
| 17:43 | Build | Farm |
| 18:01 | Create | Villager (Male) |
| 18:06 | Build | House |
| 18:10 | Build | Market |
| 18:32 | Create | Villager (Male) |
| 18:52 | Build | Farm |
| 18:54 | Build | Farm |
| 19:16 | Research | Castle Age |
| 19:22 | Build | House |
| 19:24 | Build | House |
| 19:30 | Build | House |
| 19:37 | Create | Archer |
| 19:48 | Build | Palisade Gate |
| 19:52 | Build | House |
| 19:58 | Build | House |
| 20:02 | Build | Palisade Wall |
| 20:02 | Build | Palisade Wall |
| 20:03 | Build | Palisade Wall |
| 20:04 | Build | Palisade Wall |
| 20:05 | Build | Palisade Wall |
| 20:11 | Create | Archer |
| 20:14 | Research | Fletching |
| 20:32 | Build | House |
| 20:35 | Build | Stone Wall |
| 20:40 | Build | House |
| 20:42 | Create | Archer |
| 21:02 | Build | Archery Range |
| 21:12 | Build | House |
| 21:17 | Create | Archer |
| 21:19 | Create | Villager (Male) |
| 21:27 | Build | Archery Range |
| 21:42 | Create | Archer |
| 21:56 | Build | Palisade Wall |
| 21:56 | Age | Castle Age |
| 21:58 | Build | Palisade Wall |
| 22:00 | Research | Bodkin Arrow |
| 22:01 | Create | Villager (Male) |
| 22:06 | Research | Crossbowman (upgrade) |
| 22:09 | Research | Bow Saw |
| 22:11 | Create | Villager (Male) |
Match timeline
| 6:15 | Umdeuter · wall_segment Palisade Wall x1 |
| 6:19 | arlenileiN · first_building Barracks |
| 6:26 | Umdeuter · first_building Barracks |
| 7:27 | arlenileiN · wall_segment Palisade Wall x1 |
| 7:31 | arlenileiN · wall_segment Palisade Wall x1 |
| 7:42 | Umdeuter · wall_segment Palisade Wall x1 |
| 7:43 | Umdeuter · wall_segment Palisade Wall x1 |
| 8:04 | Umdeuter · wall_segment Palisade Wall x2 |
| 9:19 | arlenileiN · age_up feudal |
| 9:20 | Umdeuter · age_up feudal |
| 9:31 | Umdeuter · first_building Archery Range |
| 9:59 | Umdeuter · wall_segment Palisade Wall x1 |
| 10:01 | Umdeuter · wall_segment Palisade Wall x1 |
| 10:11 | arlenileiN · first_building Archery Range |
| 10:21 | Umdeuter · wall_segment Palisade Wall x1 |
| 10:48 | Umdeuter · wall_segment Palisade Wall x1 |
| 12:02 | arlenileiN · wall_segment Palisade Wall x5 |
| 12:17 | arlenileiN · wall_segment Palisade Wall x1 |
| 12:32 | arlenileiN · wall_segment Palisade Wall x12 |
| 12:57 | arlenileiN · wall_segment Palisade Wall x4 |
| 15:43 | arlenileiN · first_market_buy 100 food |
| 19:09 | Umdeuter · first_market_buy 100 food |
| 19:11 | Umdeuter · first_market_sell 100 wood |
| 19:55 | arlenileiN · wall_segment Palisade Wall x3 |
| 20:02 | Umdeuter · wall_segment Palisade Wall x1 |
| 20:02 | Umdeuter · wall_segment Palisade Wall x1 |
| 20:03 | Umdeuter · wall_segment Palisade Wall x1 |
| 20:04 | Umdeuter · wall_segment Palisade Wall x1 |
| 20:05 | Umdeuter · wall_segment Palisade Wall x5 |
| 20:35 | Umdeuter · wall_segment Stone Wall x1 |
| 21:55 | arlenileiN · first_market_sell 100 wood |
| 21:56 | Umdeuter · wall_segment Palisade Wall x1 |
| 21:56 | Umdeuter · age_up castle |
| 21:58 | Umdeuter · wall_segment Palisade Wall x1 |
| 23:15 | Umdeuter · wall_segment Palisade Wall x1 |
| 24:59 | Umdeuter · first_building Monastery |
| 25:12 | arlenileiN · age_up castle |
| 25:32 | Umdeuter · wall_segment Palisade Wall x7 |
| 25:59 | Umdeuter · wall_segment Stone Wall x1 |
| 26:02 | Umdeuter · wall_segment Stone Wall x1 |
| 26:33 | Umdeuter · first_building Stable |
| 27:50 | arlenileiN · first_building Siege Workshop |
| 28:59 | Umdeuter · first_building Siege Workshop |
| 29:26 | arlenileiN · first_building Monastery |
| 32:57 | arlenileiN · resign |
[ AI ANALYSIS · 1 CREDIT ]
What really happened in this match?
Wolo.gg analyzes every decision: build order, eco, micro, common mistakes by bracket. Personalized analysis on WhatsApp or Discord in 30 seconds.
Civ guide
Bulgarians
Perfil
Jugador #21112521